AA
FARGO-MOORHEAD REDHAWKS @ KANSAS CITY T-BONES
07/29/2072
 
TOP OF THE 1ST
St. Paul Saints batting - Pitching for Texas AirHogs : LHP John Fairholm
Pitching: LHP John Fairholm
Batting: LHB Ray Hammond 0-0: Called Strike
0-1: Ball
1-1: Called Strike
1-2: DOUBLE (Line Drive, 3D, EV 104.4 MPH)
Batting: RHB Rylan Sandoval 0-0: Ball
1-0: Ball
2-0: Ball
3-0: Called Strike
3-1: Fly out, F8 (Flyball, 8LD, EV 89.4 MPH)
Batting: SHB Davi Entrevinhas 0-0: Foul Ball, location: 2F
0-1: 2-RUN HOME RUN (Flyball, 9LD, EV 89.4 MPH), Distance : 352 ft
Batting: RHB Eduardo Rios 0-0: Ball
1-0: Called Strike
1-1: Ball
2-1: Foul Ball, location: 2F
2-2: Hit by Pitch
Batting: LHB Jared Mack 0-0: Ball
1-0: Ball
2-0: Ball
3-0: Called Strike
3-1: Called Strike
3-2: SINGLE (Groundball, 6S, EV 62.5 MPH) (infield hit)
Eduardo Rios to second
Batting: RHB Juan Morales 0-0: Ball
1-0: Foul Ball, location: 2F
1-1: Foul Ball, location: 2F
1-2: Fielders Choice at 2nd, 3-6 (Groundball, 3, EV 80.0 MPH)
Eduardo Rios to third
Batting: LHB Eddie Larracuente 0-0: Ball
1-0: Called Strike
1-1: Called Strike
1-2: Strikes out swinging
Top of the 1st over - 2 runs, 3 hits, 0 errors, 2 left on base; St. Paul 2 - Texas 0
BOTTOM OF THE 1ST
Texas AirHogs batting - Pitching for St. Paul Saints : LHP R.J. Martin
Pitching: LHP R.J. Martin
Batting: RHB Alberto Figueroa 0-0: Swinging Strike
0-1: Ball
1-1: Ball
2-1: Foul Ball, location: 2F
2-2: Ball
3-2: Strikes out swinging
Batting: LHB Bobby Gutierrez 0-0: Ball
1-0: Ball
2-0: Swinging Strike
2-1: Ball
3-1: SINGLE (Groundball, 6M, EV 101.2 MPH) (infield hit)
Batting: LHB Josh Rush 0-0: Ball
Bobby Gutierrez is caught stealing 2nd base 2-6
1-0: Called Strike
1-1: Hit by Pitch
Batting: RHB Mike Johnson 0-0: Called Strike
0-1: Foul Ball, location: 2F
0-2: Foul Ball, location: 2F
0-2: Ball
1-2: Ball
2-2: Foul Ball, location: 2F
2-2: Ball
3-2: Base on Balls
Josh Rush to second
Batting: RHB Stephen Ayliffe 0-0: Ball
1-0: Called Strike
1-1: Ball
2-1: SINGLE (Groundball, 6D, EV 98.8 MPH)
Josh Rush to third
Mike Johnson to second
Runner from 3rd tries for Home, SAFE, throw by CF to home
Batting: LHB Ron Clark 0-0: Ball
1-0: Ball
2-0: Foul Ball, location: 2F
2-1: Ball
3-1: Called Strike
3-2: Strikes out swinging
Bottom of the 1st over - 1 run, 2 hits, 0 errors, 2 left on base; St. Paul 2 - Texas 1
TOP OF THE 2ND
St. Paul Saints batting - Pitching for Texas AirHogs : LHP John Fairholm
Batting: RHB Larry Boespflug 0-0: Ball
1-0: Foul Ball, location: 2F
1-1: Ground out 6-3 (Groundball, 6, EV 85.6 MPH)
Batting: LHB James Skelton 0-0: Foul Ball, location: 2F
0-1: Swinging Strike
0-2: Foul Ball, location: 2F
0-2: Ball
1-2: Foul Ball, location: 2F
1-2: Ground out 5-3 (Groundball, 56, EV 101.9 MPH)
Batting: LHB Ray Hammond 0-0: Foul Ball, location: 2F
0-1: Called Strike
0-2: SINGLE (Line Drive, 8RS, EV 99.4 MPH)
Batting: RHB Rylan Sandoval 0-0: Swinging Strike
0-1: Fielders Choice at 2nd, 6-4 (Groundball, 6, EV 79.4 MPH)
Top of the 2nd over - 0 runs, 1 hit, 0 errors, 1 left on base; St. Paul 2 - Texas 1
BOTTOM OF THE 2ND
Texas AirHogs batting - Pitching for St. Paul Saints : LHP R.J. Martin
Batting: RHB Abe Sizemore 0-0: Ball
1-0: Foul Ball, location: 2F
1-1: Ball
2-1: Ground out 5-3 (Groundball, 5S, EV 79.4 MPH)
Batting: SHB Jon Hilton 0-0: Ball
1-0: Ball
2-0: Called Strike
2-1: Called Strike
2-2: Ground out 2-3 (Groundball, 13S, EV 66.9 MPH)
Batting: LHB Adam Schmidt 0-0: Foul Ball, location: 2F
0-1: Ball
1-1: Ball
2-1: Called Strike
2-2: Ground out 6-3 (Groundball, 6, EV 105.0 MPH)
Bottom of the 2nd over - 0 runs, 0 hits, 0 errors, 0 left on base; St. Paul 2 - Texas 1
TOP OF THE 3RD
St. Paul Saints batting - Pitching for Texas AirHogs : LHP John Fairholm
Batting: SHB Davi Entrevinhas 0-0: Ball
1-0: Foul Ball, location: 2F
1-1: Ball
2-1: Ground out 5-3 (Groundball, 5, EV 80.6 MPH)
Batting: RHB Eduardo Rios 0-0: Called Strike
0-1: Swinging Strike
0-2: Ball
1-2: Ground out 5-3 (Groundball, 56S, EV 70.0 MPH)
Batting: LHB Jared Mack 0-0: Ball
1-0: Ball
2-0: Swinging Strike
2-1: Swinging Strike
2-2: Ball
3-2: Base on Balls
Batting: RHB Juan Morales 0-0: Fly out, F3 (Popup, 23F, EV 89.4 MPH)
Top of the 3rd over - 0 runs, 0 hits, 0 errors, 1 left on base; St. Paul 2 - Texas 1
BOTTOM OF THE 3RD
Texas AirHogs batting - Pitching for St. Paul Saints : LHP R.J. Martin
Batting: RHB Alberto Figueroa 0-0: Ball
1-0: Swinging Strike
1-1: Bunt for hit to 2L - play at first, batter OUT! 2-3
Batting: LHB Bobby Gutierrez 0-0: Called Strike
0-1: Foul Ball, location: 2F
0-2: Ball
1-2: Ground out 6-3 (Groundball, 6, EV 84.4 MPH)
Batting: LHB Josh Rush 0-0: Called Strike
0-1: Foul Ball, location: 2F
0-2: Hit by Pitch
Batting: RHB Mike Johnson 0-0: Called Strike
0-1: Ball
1-1: Called Strike
1-2: Fly out, F3 (Popup, 3SF, EV 68.8 MPH)
Bottom of the 3rd over - 0 runs, 0 hits, 0 errors, 1 left on base; St. Paul 2 - Texas 1
TOP OF THE 4TH
St. Paul Saints batting - Pitching for Texas AirHogs : LHP John Fairholm
Batting: LHB Eddie Larracuente 0-0: Called Strike
0-1: SOLO HOME RUN (Flyball, 9LD, EV 105.0 MPH), Distance : 365 ft
Batting: RHB Larry Boespflug 0-0: Ball
1-0: Ball
2-0: Called Strike
2-1: Foul Ball, location: 2F
2-2: Ball
3-2: Base on Balls
Batting: LHB James Skelton 0-0: Ball
1-0: Foul Ball, location: 2F
1-1: Reached on error, E5 (Groundball, 56, EV 101.2 MPH)
Larry Boespflug to second
Batting: LHB Ray Hammond 0-0: Ball
1-0: Foul Ball, location: 2F
1-1: Foul Ball, location: 2F
1-2: Fly out, F8 (Line Drive, 8LM, EV 91.9 MPH)
Batting: RHB Rylan Sandoval 0-0: Swinging Strike
0-1: Fly out, F9 (Flyball, 9LM, EV 93.1 MPH)
Runner from 2nd tags up, SAFE at 3rd, no throw by RF
Batting: SHB Davi Entrevinhas 0-0: Ball
1-0: Hit by Pitch
James Skelton to second
Batting: RHB Eduardo Rios 0-0: Ball
1-0: Foul Ball, location: 2F
1-1: Ground out 5-3 (Groundball, 56D, EV 99.4 MPH)
Top of the 4th over - 1 run, 1 hit, 1 error, 3 left on base; St. Paul 3 - Texas 1
BOTTOM OF THE 4TH
Texas AirHogs batting - Pitching for St. Paul Saints : LHP R.J. Martin
Batting: RHB Stephen Ayliffe 0-0: Ball
1-0: Swinging Strike
1-1: Called Strike
1-2: Ball
2-2: Strikes out swinging
Batting: LHB Ron Clark 0-0: Called Strike
0-1: Ball
1-1: Called Strike
1-2: Foul Ball, location: 2F
1-2: Ball
2-2: Foul Ball, location: 2F
2-2: Ball
3-2: Foul Ball, location: 2F
3-2: Ground out 5-3 (Groundball, 56, EV 105.0 MPH)
Batting: RHB Abe Sizemore 0-0: Ball
1-0: Fly out, F8 (Line Drive, 8RD, EV 99.4 MPH)
Bottom of the 4th over - 0 runs, 0 hits, 0 errors, 0 left on base; St. Paul 3 - Texas 1
TOP OF THE 5TH
St. Paul Saints batting - Pitching for Texas AirHogs : LHP John Fairholm
Batting: LHB Jared Mack 0-0: Called Strike
0-1: Ball
1-1: Ball
2-1: Called Strike
2-2: Ball
3-2: Fly out, F8 (Flyball, 78M, EV 81.2 MPH)
Batting: RHB Juan Morales 0-0: Ball
1-0: Called Strike
1-1: Ball
2-1: Foul Ball, location: 2F
2-2: SOLO HOME RUN (Line Drive, 9D, EV 100.0 MPH), Distance : 386 ft
Batting: LHB Eddie Larracuente 0-0: Ball
1-0: Ground out 5-3 (Groundball, 56, EV 100.0 MPH)
Batting: RHB Larry Boespflug 0-0: Ball
1-0: Ball
2-0: DOUBLE (Line Drive, 78M, EV 113.1 MPH)
Batting: LHB James Skelton 0-0: Ball
1-0: SINGLE (Groundball, 13S, EV 70.0 MPH) (infield hit)
Larry Boespflug to third
Batting: LHB Ray Hammond 0-0: Ball
1-0: Ball
2-0: SINGLE (Line Drive, 6D, EV 105.6 MPH)
Larry Boespflug scores
James Skelton to second
Batting: RHB Rylan Sandoval 0-0: Ball
1-0: Swinging Strike
1-1: Ball
2-1: Called Strike
2-2: Ground out 5-3 (Groundball, 56S, EV 81.2 MPH)
Top of the 5th over - 2 runs, 4 hits, 0 errors, 2 left on base; St. Paul 5 - Texas 1
BOTTOM OF THE 5TH
Texas AirHogs batting - Pitching for St. Paul Saints : LHP R.J. Martin
Batting: SHB Jon Hilton 0-0: Ball
1-0: Foul Ball, location: 2F
1-1: Foul Ball, location: 2F
1-2: Ball
2-2: Foul Ball, location: 2F
2-2: Strikes out swinging
Batting: LHB Adam Schmidt 0-0: Fly out, F7 (Flyball, 78XD, EV 102.5 MPH)
Batting: RHB Alberto Figueroa 0-0: Called Strike
0-1: Ball
1-1: Ball
2-1: Called Strike
2-2: Ball
3-2: Foul Ball, location: 2F
3-2: Fly out, F8 (Flyball, 8RS, EV 88.1 MPH)
Bottom of the 5th over - 0 runs, 0 hits, 0 errors, 0 left on base; St. Paul 5 - Texas 1
TOP OF THE 6TH
St. Paul Saints batting - Pitching for Texas AirHogs : LHP John Fairholm
Pitching: LHP Tyson Hayes
Batting: SHB Davi Entrevinhas 0-0: Ball
1-0: DOUBLE (Flyball, 89D, EV 105.0 MPH)
Batting: RHB Eduardo Rios 0-0: Foul Ball, location: 2F
0-1: Ball
1-1: Foul Ball, location: 2F
1-2: Ground out 4-3 (Groundball, 4, EV 106.2 MPH)
Davi Entrevinhas to third
Batting: LHB Jared Mack 0-0: Called Strike
0-1: Ball
1-1: Ground out 1-3 (Groundball, 34S, EV 70.6 MPH)
Batting: RHB Juan Morales 0-0: Called Strike
0-1: Ball
1-1: SINGLE (Groundball, 6MS, EV 79.4 MPH) (infield hit)
Davi Entrevinhas scores
Batting: LHB Eddie Larracuente 0-0: Called Strike
0-1: Fly out, F7 (Flyball, 7LD, EV 107.5 MPH)
Top of the 6th over - 1 run, 2 hits, 0 errors, 1 left on base; St. Paul 6 - Texas 1
BOTTOM OF THE 6TH
Texas AirHogs batting - Pitching for St. Paul Saints : LHP R.J. Martin
Batting: LHB Bobby Gutierrez 0-0: Ball
1-0: Ball
2-0: Foul Ball, location: 2F
2-1: Fly out, F9 (Flyball, 9, EV 91.2 MPH)
Batting: LHB Josh Rush 0-0: Ball
1-0: Ball
2-0: SINGLE (Line Drive, 6MD, EV 94.4 MPH)
Batting: RHB Mike Johnson 0-0: Grounds into double play, 6-4-3 (Groundball, 6M, EV 105.0 MPH)
Bottom of the 6th over - 0 runs, 1 hit, 0 errors, 0 left on base; St. Paul 6 - Texas 1
TOP OF THE 7TH
St. Paul Saints batting - Pitching for Texas AirHogs : LHP Tyson Hayes
Batting: RHB Larry Boespflug 0-0: Ball
1-0: Called Strike
1-1: Swinging Strike
1-2: SINGLE (Groundball, 6MD, EV 105.0 MPH)
Batting: LHB James Skelton 0-0: Ball
1-0: Called Strike
1-1: Foul Ball, location: 2F
1-2: Ball
2-2: Ball
3-2: Foul Ball, location: 2F
3-2: Base on Balls
Larry Boespflug to second
Batting: LHB Ray Hammond 0-0: Called Strike
Larry Boespflug steals 3rd base
0-1: Ball
1-1: Fly out, F7 (Line Drive, 7D, EV 93.1 MPH)
Runner from 3rd tags up, SCORES, no throw by LF
Batting: RHB Rylan Sandoval 0-0: Ball
1-0: Foul Ball, location: 2F
1-1: Ball
2-1: Foul Ball, location: 2F
2-2: Ground out 6-3 (Groundball, 6M, EV 98.8 MPH)
James Skelton to second
Batting: SHB Davi Entrevinhas 0-0: Ball
1-0: Ball
2-0: Ball
3-0: Base on Balls
Batting: RHB Eduardo Rios 0-0: SINGLE (Groundball, 6MD, EV 96.2 MPH)
James Skelton to third
Davi Entrevinhas to second
Runner from 3rd tries for Home, SAFE, throw by CF to home
Batting: LHB Jared Mack 0-0: Foul Ball, location: 2F
0-1: Ball
1-1: Swinging Strike
1-2: Ball
2-2: Fly out, F7 (Flyball, 7LS, EV 73.8 MPH)
Top of the 7th over - 2 runs, 2 hits, 0 errors, 2 left on base; St. Paul 8 - Texas 1
BOTTOM OF THE 7TH
Texas AirHogs batting - Pitching for St. Paul Saints : LHP R.J. Martin
Batting: RHB Stephen Ayliffe 0-0: Ball
1-0: Ball
2-0: Ball
3-0: Base on Balls
Batting: LHB Ron Clark 0-0: Called Strike
0-1: Swinging Strike
0-2: Ball
1-2: Ball
2-2: Grounds into double play, 4-6-3 (Groundball, 4, EV 83.8 MPH)
Batting: RHB Abe Sizemore 0-0: Called Strike
0-1: Foul Ball, location: 2F
0-2: Ball
1-2: Ball
2-2: Ball
3-2: Strikes out looking
Bottom of the 7th over - 0 runs, 0 hits, 0 errors, 0 left on base; St. Paul 8 - Texas 1
TOP OF THE 8TH
St. Paul Saints batting - Pitching for Texas AirHogs : LHP Tyson Hayes
Pitching: RHP Walt Lindsay
Batting: RHB Juan Morales 0-0: Foul Ball, location: 2F
0-1: Fly out, F7 (Line Drive, 7D, EV 100.0 MPH)
Batting: LHB Eddie Larracuente 0-0: Ball
1-0: Ball
2-0: Ball
3-0: Base on Balls
Batting: RHB Larry Boespflug 0-0: Ball
1-0: Ball
2-0: Foul Ball, location: 2F
2-1: Ball
3-1: Called Strike
3-2: Foul Ball, location: 2F
3-2: Base on Balls
Eddie Larracuente to second
Batting: LHB James Skelton 0-0: Swinging Strike
0-1: Fly out, F5 (Line Drive, 5, EV 69.4 MPH)
Batting: LHB Ray Hammond 0-0: Fielders Choice at 2nd, 6-4 (Groundball, 6, EV 85.6 MPH)
Top of the 8th over - 0 runs, 0 hits, 0 errors, 2 left on base; St. Paul 8 - Texas 1
BOTTOM OF THE 8TH
Texas AirHogs batting - Pitching for St. Paul Saints : LHP R.J. Martin
Pitching: RHP Ryan Zimmerman
Batting: SHB Jon Hilton 0-0: Called Strike
0-1: SINGLE (Groundball, 6S, EV 73.8 MPH) (infield hit)
Batting: LHB Adam Schmidt 0-0: Foul Ball, location: 2F
0-1: Foul Ball, location: 2F
0-2: Foul Ball, location: 2F
0-2: SINGLE (Groundball, 4MD, EV 104.4 MPH)
Jon Hilton to second
Batting: RHB Alberto Figueroa 0-0: Foul Ball, location: 2F
0-1: Grounds into double play, 5-4-3 (Groundball, 56, EV 84.4 MPH)
Jon Hilton to third
Batting: LHB Bobby Gutierrez 0-0: Foul Ball, location: 2F
0-1: Called Strike
0-2: Ball
1-2: Ground out 5-3 (Groundball, 15, EV 80.6 MPH)
Bottom of the 8th over - 0 runs, 2 hits, 0 errors, 1 left on base; St. Paul 8 - Texas 1
TOP OF THE 9TH
St. Paul Saints batting - Pitching for Texas AirHogs : RHP Walt Lindsay
Batting: RHB Rylan Sandoval 0-0: Foul Ball, location: 2F
0-1: Ball
1-1: DOUBLE (Flyball, 8RXD, EV 106.9 MPH)
Batting: SHB Davi Entrevinhas 0-0: Ground out 6-3 (Groundball, 6, EV 91.2 MPH)
Rylan Sandoval to third
Batting: RHB Eduardo Rios 0-0: Ball
1-0: Foul Ball, location: 2F
1-1: Fly out, F9 (Flyball, 89D, EV 88.8 MPH)
Runner from 3rd tags up, SCORES, throw by RF
Pitching: RHP Pete Perez
Batting: LHB Jared Mack 0-0: Foul Ball, location: 2F
0-1: Swinging Strike
0-2: Ball
1-2: Fly out, F7 (Line Drive, 7D, EV 105.6 MPH)
Top of the 9th over - 1 run, 1 hit, 0 errors, 0 left on base; St. Paul 9 - Texas 1
BOTTOM OF THE 9TH
Texas AirHogs batting - Pitching for St. Paul Saints : RHP Ryan Zimmerman
Batting: LHB Josh Rush 0-0: Called Strike
0-1: Ball
1-1: Foul Ball, location: 2F
1-2: Foul Ball, location: 2F
1-2: Ball
2-2: Ball
3-2: Base on Balls
Batting: RHB Mike Johnson 0-0: Ball
1-0: Fly out, F8 (Flyball, 89S, EV 91.9 MPH)
Batting: RHB Stephen Ayliffe 0-0: Ball
1-0: Ball
2-0: Fly out, F9 (Flyball, 9, EV 89.4 MPH)
Batting: LHB Ron Clark 0-0: Ball
1-0: Foul Ball, location: 2F
1-1: Ball
2-1: Called Strike
2-2: Foul Ball, location: 5F, Error on foul ball, E5
2-2: Fly out, F8 (Line Drive, 8RM, EV 88.8 MPH)
Bottom of the 9th over - 0 runs, 0 hits, 1 error, 1 left on base; St. Paul 9 - Texas 1
Friday, October 29th , 2021 - OOTP Baseball 22.10 Build 79